 Dungeon Crawl Stone Soup version 0.24.0-35-gdb84b6a5db (webtiles) character file.

Game seed: 6219782806836676862, levelgen mode: deterministic

753 Nattfarinn the Quickloader (level 8, -3/48 HPs)
             Began as a Kobold Hunter on Nov 19, 2019.
             Slain by an ice beast (7 damage)
             ... on level 4 of the Dungeon.
             The game lasted 00:07:10 (4373 turns).

Nattfarinn the Quickloader (Kobold Hunter)          Turns: 4373, Time: 00:07:11

Health: -3/48      AC:  5    Str: 12    XL:     8   Next: 7%
Magic:  8/8        EV: 15    Int: 12    God:
Gold:   232        SH:  0    Dex: 15    Spells: 7/7 levels left

rFire    . . .     SeeInvis .   a - +1 hand crossbow
rCold    . . .     Gourm    .   (shield restricted)
rNeg     . . .     Faith    .   g - +0 ring mail (curse)
rPois    .         Spirit   .   (no helmet)
rElec    .         Reflect  .   (no cloak)
rCorr    .         Harm     .   (no gloves)
MR       .....                  (no boots)
Stlth    +.........             (no amulet)
HPRegen  0.16/turn              (no ring)
MPRegen  0.11/turn              (no ring)

@: no status effects
A: small, carnivore
a: no special abilities


You were on level 4 of the Dungeon.
You were very full.

You visited 1 branch of the dungeon, and saw 5 of its levels.

You collected 232 gold pieces.

Inventory:

Hand Weapons
 a - a +1 hand crossbow (weapon)
 b - a +1 short sword of freezing
 j - a +0 short sword
 r - a +0 short sword of flaming
 t - a +1 dagger of venom
Missiles
 d - 78 bolts (quivered)
Armour
 c - a +0 leather armour
 g - a cursed +0 ring mail (worn)
Jewellery
 q - an uncursed ring of fire {unknown}
Wands
 v - a wand of polymorph (12)
 y - a wand of digging (5)
Scrolls
 e - 5 scrolls of identify {unknown}
 h - a scroll of amnesia {unknown}
 i - 3 scrolls of enchant armour {unknown}
 n - a scroll of noise {unknown}
 o - 3 scrolls of teleportation {unknown}
 p - a scroll of immolation {unknown}
 w - a scroll of remove curse {unknown}
 A - a scroll of magic mapping {unknown}
Potions
 k - 2 potions of haste {unknown}
 l - 2 potions of mutation {unknown}
 s - a potion of curing
 u - a potion of lignification {unknown}
 x - 2 potions of degeneration {unknown}
 z - a potion of resistance {unknown}
Comestibles
 f - 12 rations


   Skills:
 + Level 4.5 Fighting
 * Level 8.1 Crossbows
 * Level 2.8 Armour
 + Level 4.9 Dodging
 - Level 1.3 Stealth


You had 7 spell levels left.
You didn't know any spells.
Your spell library was empty.

Dungeon Overview and Level Annotations

Branches:
Dungeon (5/15)
 Temple: D:4-7

Altars:
Makhleb


Innate Abilities, Weirdness & Mutations

You are small and have problems with some larger weapons.
You are carnivorous and can eat meat at any time.


Message History

You hit the ice beast but do no damage. The ice beast hits you.
The ice beast freezes you!
* * * LOW HITPOINT WARNING * * *
The ice beast completely misses you.
Okay, then.
It was a potion of curing.
You feel better.
The ice beast hits you but does no damage.
Your +1 short sword of freezing stops glowing.
a - a +1 hand crossbow (weapon)
You are too injured to fight recklessly!
Firing (i - inventory)
d - 79 bolts (quivered)
Press: ? - help, Shift-Dir - straight line, f - ice beast
Aim: an ice beast You shoot a bolt.
The bolt closely misses the ice beast.
The ice beast hits you. The ice beast freezes you!
* * * LOW HITPOINT WARNING * * *
You feel better. The ice beast hits you.
* * * LOW HITPOINT WARNING * * *
The ice beast freezes you!
You die...

............#.#.###########
................#
.............#..####
...................#
.............##.##.#
.................#.#
..............[..#'#########
...............[Y..........#
................@..........#
...........................#
........(..............)...#
...........................#
............#..............#
...........##..............#
..........###..............#
.........## #..............#
........## #..............#


You could see an ice beast.

Vanquished Creatures
  Purgy (D:3)
  A phantom (D:5)
  3 ogres (D:4)
  2 hounds
  An orc priest (D:3)
  An orc wizard (D:4)
  2 worker ants (D:4)
  6 adders
  2 adder skeletons (D:4)
  A worm (D:3)
  2 dart slugs
  5 leopard geckos
  15 orcs
  2 ball pythons (D:1)
  2 giant cockroaches (D:4)
  11 goblins
  6 hobgoblins
  A quokka (D:4)
  8 bats
  A frilled lizard (D:2)
  5 kobolds
  17 rats
95 creatures vanquished.

Notes
Turn   | Place    | Note
-------+----------+-------------------------------------------
     0 | D:1      | Nattfarinn the Kobold Hunter began the quest for the Orb.
     0 | D:1      | Reached XP level 1. HP: 12/12 MP: 1/1
   135 | D:1      | Reached skill level 5 in Crossbows
   137 | D:1      | Reached XP level 2. HP: 12/18 MP: 2/2
   602 | D:1      | Reached XP level 3. HP: 19/22 MP: 3/3
  1214 | D:2      | Reached XP level 4. HP: 24/27 MP: 4/4
  1514 | D:2      | You fall into a shaft and drop 1 floor!
  1577 | D:3      | Reached skill level 6 in Crossbows
  1604 | D:3      | Reached XP level 5. HP: 29/32 MP: 5/5
  1822 | D:2      | Found a burning altar of Makhleb.
  2322 | D:3      | Noticed Purgy
  2360 | D:3      | Killed Purgy
  2360 | D:3      | Reached skill level 1 in Armour
  2360 | D:3      | Reached XP level 6. HP: 32/38 MP: 6/6
  2495 | D:3      | Reached skill level 7 in Crossbows
  2764 | D:4      | Noticed an ogre
  2803 | D:4      | Killed an ogre
  2803 | D:4      | Reached XP level 7. HP: 27/43 MP: 7/7
  4074 | D:5      | Entered Level 5 of the Dungeon
  4154 | D:5      | Reached skill level 8 in Crossbows
  4154 | D:5      | Reached XP level 8. HP: 21/48 MP: 8/8
  4372 | D:4      | HP: 2/48 [ice beast (14)]
  4373 | D:4      | Slain by an ice beast

Levels and vault maps discovered:
D:1:      erik_arrival_orb_chamber, layout_rooms, st_stairs_9,
          minmay_crystal_room
D:2:      layout_basic, makhleb_heckhound_becter, first_ration
D:3:      layout_loops_corners, nicolae_underground_beach, uniq_purgy
D:4:      layout_basic
D:5:      layout_gridville, temple_doors_cd, uniq_sigmund, uniq_edmund,
          uniq_blork_the_orc

Skill      XL: |  1  2  3  4  5  6  7 |
---------------+----------------------+-----
Crossbows      | 5 6 7 8 |  8.1
Dodging        | 3 4 |  4.9
Fighting       | 3 4 |  4.5
Armour         | 1 2 |  2.8
Stealth        | |  1.3

Action                   |  1- 3 |  4- 6 |  7- 9 || total
-------------------------+-------+-------+-------++-------
Melee: Short sword       |   137 |   159 |    64 ||   360
       Dagger            |       |       |    37 ||    37
 Fire: Hand crossbow     |     6 |    11 |    10 ||    27
  Use: Scroll            |     1 |     1 |       ||     2
       Potion            |       |     6 |     2 ||     8
 Stab: Sleeping          |       |     1 |     1 ||     2
  Eat: Chunk             |    10 |     5 |     3 ||    18
Armor: Ring mail         |    56 |    51 |    15 ||   122
Dodge: Dodged            |   115 |   137 |    77 ||   329
